 Dungeon Crawl Stone Soup version 0.18.1-48-g4cf74bf (console) character file.

5532 Kloppie the Spear-Bearer (level 10, 0/83 HPs)
             Began as a Merfolk Berserker on June 30, 2016.
             Was a Priest of Trog.
             Slain by a water moccasin (7 damage)
             ... on level 1 of the Lair of Beasts.
             The game lasted 00:13:56 (8858 turns).

Kloppie the Spear-Bearer (Merfolk Berserker)        Turns: 8858, Time: 00:13:57

Health: 0/83       AC: 12    Str: 17    XL:     10   Next: 71%
Magic:  0/10       EV: 23    Int:  7    God:    Trog [***...]
Gold:   362        SH:  0    Dex: 22    Spells: 0 memorised, 9 levels left

rFire  . . .     SeeInvis .     a - +0 trident
rCold  . . .     Gourm    .     x - +0 scale mail
rNeg   . . .     Faith    .     (no shield)
rPois  .         Spirit   +     (no helmet)
rElec  .         Dismiss  .     p - +0 cloak
rCorr  .         Reflect  .     v - +1 pair of gloves
SustAt .         Harm     .     d - +1 pair of boots
MR     +....                    I - amulet of guardian spirit
Stlth  +++.......               w - ring of stealth
                                C - ring of protection from magic

@: agile, exhausted, slowed, very slow, somewhat resistant to hostile
enchantments, fairly stealthy
A: change form in water, swift swim
a: Berserk, Trog's Hand, Burn Spellbooks, Renounce Religion


You were on level 1 of the Lair of Beasts.
You worshipped Trog.
Trog was most pleased with you.
You were hungry.

You visited 2 branches of the dungeon, and saw 11 of its levels.

You collected 362 gold pieces.

Inventory:

Hand Weapons
 a - a +0 trident (weapon)
Armour
 d - a +1 pair of boots (worn)
 p - a +0 cloak (worn)
 v - a +1 pair of gloves (worn)
 x - a +0 scale mail (worn)
Jewellery
 t - an uncursed ring of flight
 w - a ring of stealth (right hand)
 C - a ring of protection from magic (left hand)
 I - an amulet of guardian spirit (around neck)
Wands
 n - a wand of flame (43/48)
Scrolls
 b - a scroll of blinking
 e - a scroll of identify
 h - 4 scrolls of remove curse
 l - 3 scrolls of recharging
 s - a scroll of noise
Potions
 k - 3 potions of lignification
 G - a potion of flight
 H - 2 potions of resistance {unknown}
 K - a potion of might {unknown}
Comestibles
 c - 6 bread rations
 g - 2 meat rations
 j - 3 beef jerkies


   Skills:
 + Level 9.4 Fighting
 - Level 14.0 Polearms
 + Level 3.4 Armour
 + Level 10.8 Dodging


You had 9 spell levels left.
You didn't know any spells.

Dungeon Overview and Level Annotations

Branches:
Dungeon (10/15)            Temple (0/1) D:5            Lair (1/8) D:9
    Orc: D:9-12

Altars:
Ashenzari
Dithmenos
Elyvilon
Kikubaaqudgha
Makhleb
Pakellas
Qazlal
Yredelemnul
Zin
The Shining One

Shops:
D:8 *

Annotations:
D:6 2 runed doors


Message History

The water moccasin bites something.
The blink frog barely misses you.
The blink frog hits you but does no damage.
The water moccasin bites something!
Drink which item? (? for menu, Esc to quit)
You feel better. The blink frog closely misses you.
The blink frog hits you but does no damage.
The blink frog misses you. The blink frog barely misses you.
Drink which item? (? for menu, Esc to quit)
You feel agile all of a sudden. The blink frog hits you!
* * * LOW HITPOINT WARNING * * *
The blink frog blinks! x2; The blink frog completely misses you.
The water moccasin closely misses you. The blink frog hits you!
* * * LOW HITPOINT WARNING * * *
The blink frog blinks!
The blink frog misses you.
The blink frog blinks!
The water moccasin misses you.
The blink frog blinks!
The water moccasin closely misses you. The water moccasin bites you!
You die...

#.# ### #.##...###P###
####.#####.#####...........#
..........F#Y#Y.#...#..##..### #
.##..#####...Y§###.÷F..##..#P#.##
#P.## ####.#lF.÷.##...........
##.# ####l##..#..#..###.#. #.#
#.(#.##.##....#### #§#
#S................


l§Fll# #@F............<.. ..F...# #..####.####.P.P..# ..$....# ##.# ### #.......
..$...## #.# #..##.P# ..#P.## #.. ...###### .###.# #.. ###. # .. ..# #. #.. You
could see a basilisk, 2 blink frogs, a water moccasin and an iguana.

Vanquished Creatures
  A hydra (Lair:1)
  Erica (D:9)
  A spiny frog (Lair:1)
  A troll (D:9)
  A blink frog (Lair:1)
  A hippogriff (Lair:1)
  Menkaure (D:7)
  A water moccasin (Lair:1)
  3 porcupines (D:9)
  3 orc warriors
  A sky beast (D:6)
  An ogre (D:9)
  2 phantoms
  A centaur (D:8)
  4 crocodiles
  A wyvern zombie (D:9)
  3 scorpions
  10 killer bees
  A howler monkey (D:9)
  5 crimson imps
  A giant frog zombie (D:6)
  A jelly (D:9)
  4 hounds
  Crazy Yiuf (D:7)
  An orc priest (D:9)
  A giant frog skeleton (D:9)
  2 iguanas (Lair:1)
  5 orc wizards
  8 worker ants
  8 sheep
  A worker ant zombie (D:6)
  7 gnolls
  4 adders
  A river rat (D:9)
  An ooze (D:1)
  An adder skeleton (D:4)
  4 worms
  4 dart slugs (D:1)
  7 giant geckos
  13 orcs
  2 bats (D:2)
  4 giant cockroaches
  7 goblins
  5 hobgoblins
  7 jackals (D:6)
  3 kobolds
  4 quokkas
  A ball python (D:2)
  3 giant newts
  A jackal zombie (D:6)
  An orc zombie (D:4)
  9 rats
165 creatures vanquished.

Vanquished Creatures (others)
  2 fungi (Lair:1)
2 creatures vanquished.

Grand Total: 167 creatures vanquished

Notes
Turn   | Place    | Note
--------------------------------------------------------------
     0 | D:1      | Kloppie the Merfolk Berserker began the quest for the Orb.
     0 | D:1      | Reached XP level 1. HP: 18/18 MP: 1/1
   137 | D:1      | Reached XP level 2. HP: 24/24 MP: 2/2
   325 | D:1      | Reached skill level 5 in Polearms
   551 | D:1      | Reached XP level 3. HP: 26/29 MP: 3/3
   644 | D:2      | Found a shattered altar of Ashenzari.
   644 | D:2      | Found an ancient bone altar of Kikubaaqudgha.
   859 | D:2      | Found a basalt altar of Yredelemnul.
  1020 | D:2      | Found an oddly glowing altar of Pakellas.
  1123 | D:2      | Found a faded altar to an unknown god.
  1336 | D:2      | Found a glowing golden altar of the Shining One.
  1336 | D:2      | Found a glowing silver altar of Zin.
  1337 | D:2      | Found a white marble altar of Elyvilon.
  1398 | D:2      | Reached ** piety under Trog
  1421 | D:2      | Reached XP level 4. HP: 37/37 MP: 4/4
  1430 | D:2      | Reached skill level 6 in Polearms
  2110 | D:3      | Reached XP level 5. HP: 39/42 MP: 5/5
  2779 | D:4      | Reached skill level 7 in Polearms
  2785 | D:4      | Reached XP level 6. HP: 42/49 MP: 6/6
  2961 | D:4      | Found a shadowy altar of Dithmenos.
  3361 | D:5      | Entered Level 5 of the Dungeon
  3452 | D:5      | Reached skill level 8 in Polearms
  3452 | D:5      | Reached skill level 5 in Dodging
  3851 | D:5      | Found a staircase to the Ecumenical Temple.
  4139 | D:5      | Reached *** piety under Trog
  4497 | D:6      | Noticed a phantom
  4534 | D:6      | Reached skill level 5 in Fighting
  4551 | D:6      | Reached XP level 7. HP: 50/56 MP: 7/7
  4685 | D:6      | Reached skill level 9 in Polearms
  4814 | D:6      | Found a runed door.
  4833 | D:6      | Found a runed door.
  5007 | D:6      | Found a stormy altar of Qazlal.
  5205 | D:7      | Reached XP level 8. HP: 61/64 MP: 8/8
  5252 | D:7      | Reached skill level 10 in Polearms
  5356 | D:7      | Noticed Menkaure
  5368 | D:7      | Killed Menkaure
  5392 | D:7      | Noticed Crazy Yiuf
  5402 | D:7      | Paralysed by Crazy Yiuf for 6 turns
  5421 | D:7      | Killed Crazy Yiuf
  6456 | D:8      | Reached skill level 11 in Polearms
  6605 | D:8      | Found Layzyps's Elemental Accessories.
  6618 | D:8      | Found a shattered altar of Ashenzari.
  6624 | D:8      | Found a burning altar of Makhleb.
  7033 | D:9      | Reached XP level 9. HP: 71/71 MP: 6/9
  7073 | D:9      | Reached skill level 12 in Polearms
  7483 | D:9      | Found a staircase to the Lair.
  7488 | D:9      | Noticed a troll
  7509 | D:10     | Entered Level 10 of the Dungeon
  7581 | D:10     | Reached skill level 13 in Polearms
  7689 | D:9      | Noticed Erica
  7706 | D:9      | Killed Erica
  7935 | D:9      | Killed a troll
  7935 | D:9      | Reached skill level 14 in Polearms
  7935 | D:9      | Reached XP level 10. HP: 81/81 MP: 10/10
  8328 | Lair:1   | Entered Level 1 of the Lair of Beasts
  8349 | Lair:1   | Reached skill level 10 in Dodging
  8362 | Lair:1   | Noticed a spiny frog
  8385 | Lair:1   | Killed a spiny frog
  8619 | Lair:1   | Noticed a four-headed hydra
  8639 | Lair:1   | Killed a four-headed hydra
  8858 | Lair:1   | Slain by a water moccasin

Skill      XL: |  1  2  3  4  5  6  7  8  9 10 |
---------------+-------------------------------+-----
Dodging        | 3 4 5 6 7 9 10 | 10.8
Polearms       | 5 6 7 8 9 11 14 | 14.0
Fighting       | 4 5 6 8 9 |  9.4
Armour         | 3 |  3.4

Action                   |  1- 3 |  4- 6 |  7- 9 | 10-12 || total
-------------------------+-------+-------+-------+-------++-------
Melee: Spear             |   127 |   200 |       |       ||   327
       Trident           |       |    76 |   464 |   153 ||   693
Invok: Berserk           |     2 |     2 |     7 |     4 ||    15
       Trog's Hand       |       |     1 |    16 |     2 ||    19
  Use: Scroll            |       |       |    23 |       ||    23
       Potion            |       |       |       |     4 ||     4
  Eat: Chunk             |     3 |     8 |    13 |     5 ||    29
       Meat ration       |       |     1 |     1 |       ||     2
       Royal jelly       |       |     1 |       |     1 ||     2
Armor: Ring mail         |    20 |    21 |       |       ||    41
       Scale mail        |       |    35 |   162 |    26 ||   223
Dodge: Dodged            |    42 |   111 |   288 |    86 ||   527
